 Dungeon Crawl Stone Soup version 0.28.0 (webtiles) character file.

Game seed: 4919717484095702518

2059 Sanktem7 the Carver (level 9, -1/79 HPs)
             Began as a Minotaur Fighter on Feb 11, 2022.
             Was a Believer of Makhleb.
             Slain by a hornet (8 damage)
             ... while paralysed by a hornet
             ... on level 8 of the Dungeon.
             The game lasted 00:16:13 (7540 turns).

Sanktem7 the Carver (Minotaur Fighter)              Turns: 7540, Time: 00:16:14

Health: -1/79      AC: 17    Str: 25    XL:     9   Next: 5%
Magic:  8/8        EV:  2    Int:  5    God:    Makhleb [**....]
Gold:   376        SH:  0    Dex: 10    Spells: 8/8 levels left

rFire   . . .      SeeInvis .   a - +0 long sword
rCold   . . .      Faith    .   c - +0 buckler
rNeg    . . .      Spirit   .   B - +0 plate armour
rPois   .          Reflect  .   (helmet restricted)
rElec   .          Harm     .   (no cloak)
rCorr   .          Rampage  .   (no gloves)
Will    .....                   (no boots)
Stlth   ..........              f - amulet of the acrobat
HPRegen 0.23/turn               v - +4 ring of protection
MPRegen 0.11/turn               p - +4 ring of evasion

@: paralysed, lethally poisoned (-1 -> -10), slowed
A: horns 2, retaliatory headbutt
a: Renounce Religion, Minor Destruction


You were on level 8 of the Dungeon.
You worshipped Makhleb.
Makhleb was pleased with you.
You visited 1 branch of the dungeon, and saw 8 of its levels.

You collected 376 gold pieces.

Inventory:

Hand Weapons
 a - a +0 long sword (weapon)
Missiles
 j - 4 javelins (quivered)
 q - 6 boomerangs
 y - 2 silver javelins
Armour
 c - a +0 buckler (worn)
 B - a +0 plate armour (worn)
Jewellery
 f - an amulet of the acrobat (around neck)
 k - a ring of see invisible
 n - a +6 ring of intelligence
 p - a +4 ring of evasion (right hand)
 v - a +4 ring of protection (left hand)
Wands
 b - a wand of flame (12)
 s - a wand of mindburst (18)
 t - a wand of paralysis (10)
 D - a wand of polymorph (8)
Scrolls
 e - 2 scrolls of vulnerability
 g - 3 scrolls of fear
 r - a scroll of teleportation
 w - a scroll of blinking
 z - 3 scrolls of torment
 C - 2 scrolls of enchant weapon {unknown}
Potions
 d - 2 potions of might
 h - a potion of lignification {unknown}
 i - a potion of mutation {unknown}
 l - a potion of magic
 m - a potion of resistance
 o - a potion of invisibility
 u - a potion of curing
 x - a potion of heal wounds {unknown}
 A - a potion of attraction {unknown}


   Skills:
 * Level 7.0 Fighting
 * Level 10.3 Long Blades
 * Level 8.6 Armour
 + Level 1.8 Dodging
 - Level 3.6 Shields


You had 8 spell levels left.
You didn't know any spells.
Your spell library contained the following spells:

 Spells                   Type           Power      Damage    Failure   Level
 Corpse Rot               Necr/Air       0%         N/A       100%        2
 Poisonous Vapours        Pois/Air       0%         N/A       100%        2
 Animate Dead             Necr           0%         N/A       100%        4
 Haunt                    Necr/Summ      0%         N/A       100%        7
 Infestation              Necr           0%         N/A       100%        8


Dungeon Overview and Level Annotations

Branches:
Dungeon (8/15)             Temple (0/1) D:5
   Lair: D:8-11

Altars:
Ashenzari
Makhleb
Nemelex Xobeh
Okawaru
Sif Muna
Trog
Wu Jian
Xom
Zin
The Shining One

Shops:
D:1 =


Innate Abilities, Weirdness & Mutations

You have a pair of horns on your head.
You reflexively headbutt those who attack you in melee.


Message History

The hornet is heavily wounded.
You feel very sick. The hornet barely misses you.
You block the hornet's attack.
You completely miss the hornet.
You headbutt the hornet, but do no damage.
The hornet is heavily wounded.
You feel very sick.
The hornet stings you but does no damage.
The hornet stings you.
You are more poisoned.
You feel as though you will be slow longer.
You miss the hornet.
The hornet is heavily wounded.
You feel very sick. The hornet closely misses you.
You block the hornet's attack. The hornet closely misses you.
You slash the hornet! Your headbutt misses the hornet.
The hornet is severely wounded.
You feel very sick.
The hornet stings you but does no damage.
The hornet stings you.
You feel as though you will be slow longer.
You closely miss the hornet.
The hornet is severely wounded.
You feel very sick. The hornet stings you.
You suddenly lose the ability to move!
The hornet stings you.
You are more poisoned.
You feel as though you will be slow longer.
You feel very sick. The hornet stings you.
* * * LOW HITPOINT WARNING * * *
You feel as though you will be slow longer.
The hornet stings you!
* * * LOW HITPOINT WARNING * * *
You feel as though you will be slow longer.
* * * LOW HITPOINT WARNING * * *
You feel very sick. The hornet stings you!
You die...

....##<.......#
#.......#####.###
#. #........#....
#.##.##.###.##..#
# #.#.#.## #.....#
#. #...## ####.##
#.##.#####.## #.#
#.......##.# #.#
#..y@....# #.#
#...!##...........
..# #.##
############ ###


You could see a hornet.

Vanquished Creatures
  Menkaure (D:5)
  A water moccasin (D:8)
  An orc warrior (D:7)
  A sky beast (D:7)
  2 ice beasts (D:6)
  2 black bears
  3 bullfrogs (D:7)
  2 scorpions (D:6)
  A water moccasin zombie (D:6)
  5 wights (D:6)
  2 jellies
  2 centaur zombies (D:6)
  A hound (D:7)
  3 orc priests
  An iguana (D:7)
  A bullfrog skeleton (D:7)
  Natasha (twice) (D:3)
  Crazy Yiuf (D:3)
  2 orc wizards
  A killer bee zombie (D:6)
  4 gnolls (D:3)
  8 adders
  A shadow imp (D:6)
  3 white imps
  An ufetubus (D:6)
  A worm (D:4)
  2 dart slugs (D:4)
  14 orcs
  4 bats (D:2)
  7 endoplasms
  5 giant cockroaches
  9 goblins
  18 hobgoblins
  8 jackals
  6 kobolds
  4 quokkas
  9 ball pythons
  2 frilled lizards
  4 rats
145 creatures vanquished.

Vanquished Creatures (others)
  A plant (D:6)
1 creature vanquished.

Grand Total: 146 creatures vanquished

Notes
Turn   | Place    | Note
-------+----------+-------------------------------------------
     0 | D:1      | Sanktem7 the Minotaur Fighter began the quest for the Orb.
     0 | D:1      | Reached XP level 1. HP: 19/19 MP: 0/0
   418 | D:1      | Reached XP level 2. HP: 27/27 MP: 1/1
   674 | D:1      | Found Zougg's Jewellery Shop.
   830 | D:2      | Reached XP level 3. HP: 25/33 MP: 2/2
   935 | D:2      | Reached skill level 3 in Long Blades
  1032 | D:2      | Found a sparkling altar of Nemelex Xobeh.
  1456 | D:3      | Reached XP level 4. HP: 31/41 MP: 3/3
  1661 | D:3      | Reached skill level 4 in Long Blades
  2022 | D:3      | Found a glowing silver altar of Zin.
  2022 | D:3      | Found a burning altar of Makhleb.
  2023 | D:3      | Noticed an Executioner
  2023 | D:3      | Noticed an angel
  2039 | D:3      | Became a worshipper of Makhleb the Destroyer
  2078 | D:3      | Found a shimmering blue altar of Sif Muna.
  2139 | D:3      | Found an ornate altar of the Wu Jian Council.
  2148 | D:3      | Found a shimmering altar of Xom.
  2173 | D:3      | Noticed Natasha
  2181 | D:3      | Killed Natasha
  2182 | D:3      | Reached skill level 5 in Armour
  2182 | D:3      | Reached XP level 5. HP: 29/47 MP: 4/4
  2658 | D:3      | Found an iron altar of Okawaru.
  2665 | D:3      | Noticed Natasha
  2670 | D:3      | Killed Natasha
  2735 | D:3      | Found a runed translucent door.
  2736 | D:3      | Noticed Crazy Yiuf
  2741 | D:3      | Killed Crazy Yiuf
  3093 | D:4      | Noticed a black bear
  3097 | D:4      | Killed a black bear
  3098 | D:4      | Reached skill level 5 in Fighting
  3098 | D:4      | Reached skill level 5 in Long Blades
  3098 | D:4      | Reached XP level 6. HP: 48/56 MP: 5/5
  3320 | D:4      | Reached * piety under Makhleb
  3332 | D:4      | Reached skill level 1 in Dodging
  3732 | D:4      | Found a broken altar of Ashenzari.
  3902 | D:5      | Entered Level 5 of the Dungeon
  4025 | D:5      | Found a staircase to the Ecumenical Temple.
  4039 | D:5      | Noticed Menkaure
  4046 | D:5      | Killed Menkaure
  4047 | D:5      | Reached skill level 6 in Long Blades
  4047 | D:5      | Reached XP level 7. HP: 25/61 MP: 6/6
  4945 | D:6      | Reached skill level 7 in Long Blades
  5159 | D:6      | Reached ** piety under Makhleb
  5226 | D:6      | Found a glowing golden altar of the Shining One.
  5414 | D:6      | Reached XP level 8. HP: 61/70 MP: 7/7
  5601 | D:6      | Found a bloodstained altar of Trog.
  5693 | D:6      | Reached skill level 8 in Long Blades
  6300 | D:7      | Reached skill level 9 in Long Blades
  6993 | D:7      | Reached skill level 10 in Long Blades
  7470 | D:8      | Reached XP level 9. HP: 79/79 MP: 8/8
  7538 | D:8      | Paralysed by a hornet for 3 turns
  7540 | D:8      | Slain by a hornet

Illustrated notes

Levels and vault maps discovered:
D:1:      mrwooster_arrival_arrow, layout_basic, serial_shops,
          nicolae_lakefront_shop, minmay_misc_feat_x
D:2:      cheibrodos_greedy_goblins, layout_rooms, basic_altar,
          minmay_pentomino_pile
D:3:      layout_basic, grunt_temple_overflow_order_and_chaos_2,
          nicolae_overflow_hidden_temple, mainiacjoe_overflow_six_doors_small,
          uniq_crazy_yiuf_cottage, uniq_natasha
D:4:      layout_basic, marbit_many_paths, wad_rectangle_vault
D:5:      layout_basic, minmay_temple_entry_glass, due_unseen_surprise,
          uniq_menkaure
D:6:      layout_basic, tso_oasis_becter, trog_hazing_becter, minivault_23,
          kennysheep_windowed_goal
D:7:      layout_basic
D:8:      layout_loops_ring, grunt_temple_overflow_opulence,
          kennysheep_mini_moat, uniq_gastronok

Skill      XL: |  1  2  3  4  5  6  7  8 |
---------------+-------------------------+-----
Fighting       | 4 5 6 7 |  7.0
Armour         | 4 5 6 7 8 |  8.6
Long Blades    | 3 4 5 6 7 10 | 10.3
Dodging        | 1 |  1.8
Shields        | |  3.6

Action                   |  1- 3 |  4- 6 |  7- 9 || total
-------------------------+-------+-------+-------++-------
Melee: Long sword        |    95 |   130 |   192 ||   417
       Headbutt          |     9 |    21 |    34 ||    64
  Use: Scroll            |       |     7 |     3 ||    10
       Potion            |       |     3 |       ||     3
Armor: Scale mail        |    53 |    23 |       ||    76
       Chain mail        |       |    17 |    52 ||    69
       Plate armour      |       |       |    42 ||    42
Dodge: Dodged            |    57 |    76 |   119 ||   252
Block: Buckler           |    25 |    33 |    38 ||    96
